 Dungeon Crawl Stone Soup version 0.28.0-53-g5a82cb258f (webtiles) character file.

Game seed: 3526458299788908603

8 protoss039 the Digger (level 2, 20/20 HPs)
             Began as a Demonspawn Earth Elementalist on June 1, 2022.
             Got out of the dungeon alive.
             The game lasted 00:00:51 (467 turns).

protoss039 the Digger (DsEE)                         Turns: 467, Time: 00:00:52

Health: 20/20      AC:  2    Str:  8    XL:     2   Next: 0%
Magic:  5/5        EV: 12    Int: 16    God:
Gold:   33         SH:  0    Dex: 13    Spells: 4/5 levels left

rFire   . . .      SeeInvis .   d - +0 dagger
rCold   . . .      Faith    .   (no shield)
rNeg    . . .      Spirit   .   b - +0 robe
rPois   .          Reflect  .   (helmet restricted)
rElec   .          Harm     .   (no cloak)
rCorr   .          Rampage  .   (no gloves)
Will    .....                   (no boots)
Stlth   ++........              (no amulet)
HPRegen 0.06/turn               (no ring)
MPRegen 0.09/turn               (no ring)

@: no status effects
A: antennae 1
a: no special abilities


You escaped.
You visited 1 branch of the dungeon, and saw 1 of its levels.

You collected 33 gold pieces.

Inventory:

Hand Weapons
 d - a +0 dagger (weapon)
Missiles
 c - 41 stones
Armour
 b - a +0 robe (worn)
Scrolls
 a - a scroll of identify {unknown}
Potions
 e - a potion of curing {unknown}


   Skills:
 * Level 0.6 Fighting
 + Level 0.2 Armour
 - Level 1.7 Dodging
 - Level 1.7 Stealth
 + Level 2.1 Spellcasting
 * Level 1.2 Transmutations
 + Level 2.7 Earth Magic


You had 4 spell levels left.
You knew the following spells:

 Your Spells              Type           Power      Damage    Failure   Level
a - Sandblast             Erth           20%        2d7       7%          1

Your spell library contained the following spells:

 Spells                   Type           Power      Damage    Failure   Level
 Passwall                 Tmut/Erth      6%         N/A       14%         2
 Stone Arrow              Conj/Erth      12%        3d7       34%         3
 Petrify                  Tmut/Erth      8%         N/A       65%         4


Dungeon Overview and Level Annotations

Branches:
Dungeon (1/15)

Altars:


Innate Abilities, Weirdness & Mutations

You have a pair of small antennae on your head.


Message History

You hit the bat.
You kill the bat!
No target in view!
No target in view!
No target in view!
HP restored.
Found 6 poisoned darts.
You see here 6 poisoned darts.
Found a stone staircase leading down.
There is a stone staircase leading down here.
a - a scroll labelled BEVEUSYE WORATAVE
Found a short sword.
Found a stone staircase leading down.
You now have 33 gold pieces (gained 8).
A goblin comes into view. It is wielding a +0 dagger.
A goblin is nearby!
A goblin is nearby!
The goblin shouts!
Casting: Sandblast (safe; 7% risk of failure)
Confirm with . or Enter, or press ? or * to list all spells.
Aiming: Sandblast (safe; 7% risk of failure)
Press: ? - help, Shift-Dir - straight line, f - goblin
Aim: a goblin, wielding a +0 dagger (74% to hit)
The blast of sand hits the goblin!
You kill the goblin!
You have reached level 2!
Your demonic ancestry asserts itself...
A pair of antennae grows on your head!
Found a murky silvery potion.
Things that are here:
a +0 dagger; a goblin corpse
d - a +0 dagger
d - a +0 dagger (weapon)
e - a murky silvery potion
There is a stone staircase leading down here.
There is a stone staircase leading down here.
There is an open door here.
There is a staircase leading out of the dungeon here.
Are you sure you want to leave the Dungeon?
This will make you lose the game!
You have escaped!

##### ####8@8####
##.........##
#8.........8#
#...8...8...#
#8.........8#
##.........## ##
###########.........#
#.
##........######'#####
#. #.....###.##.#...#
#.# #.


There were no monsters in sight!

Vanquished Creatures
  A dart slug (D:1)
  An endoplasm (D:1)
  A giant cockroach (D:1)
  2 bats (D:1)
  A goblin (D:1)
6 creatures vanquished.

Notes
Turn   | Place    | Note
-------+----------+-------------------------------------------
     0 | D:1      | protoss039 the Demonspawn Earth Elementalist began the
                  | quest for the Orb.
     0 | D:1      | Reached XP level 1. HP: 13/13 MP: 3/3
    15 | D:1      | Reached skill level 1 in Transmutations
   387 | D:1      | Gained mutation: You have a pair of small antennae on your
                  | head. [demonic ancestry]
   387 | D:1      | Reached XP level 2. HP: 20/20 MP: 3/5
   467 | D:$      | Got out of the dungeon alive.

Illustrated notes

Levels and vault maps discovered:
D:1:      mrwooster_arrival_statue_3, layout_loops_corners,
          shapermc_ecumenical_altar_ellora, hangedman_decor_push

Skill      XL: |  1 |
---------------+----+-----
Transmutations | 1 |  1.2
Fighting       | |  0.6
Armour         | |  0.2
Dodging        | |  1.7
Stealth        | |  1.7
Spellcasting   | |  2.1
Earth Magic    | |  2.7

Action                   || total
-------------------------++-------
Melee: Unarmed           ||     4
 Cast: Sandblast         ||     9
Armor: Robe              ||     1
Dodge: Dodged            ||     7
